 Dungeon Crawl Stone Soup version 0.21-a0-522-ga8338f0 (webtiles) character file.

803 slep the Chopper (level 7, -9/37 HPs)
             Began as a Vine Stalker Fighter on Dec 7, 2017.
             Was an Initiate of Okawaru.
             Mangled by Prince Ribbit (11 damage)
             ... on level 5 of the Dungeon.
             The game lasted 00:23:41 (3495 turns).

slep the Chopper (Vine Stalker Fighter)             Turns: 3495, Time: 00:23:41

Health: -9/37      AC: 11    Str: 18    XL:     7   Next: 91%
Magic:  0/8        EV:  5    Int:  8    God:    Okawaru [......]
Gold:   230        SH: 12    Dex: 16    Spells: 6/6 levels left

rFire    . . .     SeeInvis .   a - +0 war axe
rCold    . . .     Gourm    .   s - +2 shield
rNeg     . . .     Faith    +   x - +0 chain mail (curse)
rPois    .         Spirit   +   p - +0 helmet
rElec    .         Reflect  .   y - +0 cloak
rCorr    .         Harm     .   (no gloves)
MR       .....                  (no boots)
Stlth    ..........             m - amulet of faith
HPRegen  0.52/turn              (no ring)
MPRegen  0.11/turn              (no ring)

@: no status effects
A: fangs 2, regeneration 1, magic shield, antimagic bite, no potion heal 3, rot
immunity
a: Renounce Religion


You were on level 5 of the Dungeon.
You worshipped Okawaru.
Okawaru was noncommittal.
You were not hungry.

You visited 2 branches of the dungeon, and saw 6 of its levels.

You collected 272 gold pieces.
You spent 42 gold pieces at shops.

Inventory:

Hand Weapons
 a - a +0 war axe (weapon)
Armour
 b - a +0 scale mail
 c - a +0 shield
 p - a +0 helmet (worn)
 s - a +2 shield (worn)
 x - a cursed +0 chain mail (worn)
 y - a +0 cloak (worn)
Jewellery
 l - an uncursed amulet of the gourmand
 m - an amulet of faith (around neck)
Scrolls
 i - 3 scrolls of remove curse {unknown}
 r - 2 scrolls of identify {unknown}
 t - a scroll of amnesia {unknown}
 u - 2 scrolls of teleportation
 v - a scroll of magic mapping {unknown}
Potions
 d - 2 potions of might
 e - 4 potions of curing {unknown}
 h - 3 potions of heal wounds {unknown}
 j - 2 potions of flight {unknown}
 k - a potion of degeneration {unknown}
 n - 2 potions of brilliance {unknown}
 o - a potion of mutation {unknown}
 w - a potion of agility {unknown}
 A - 3 potions of lignification {unknown}
Comestibles
 f - 7 bread rations
 g - 5 royal jellies
 q - 3 meat rations


   Skills:
 + Level 4.2 Fighting
 + Level 5.6 Axes
 + Level 3.4 Armour
 + Level 1.0 Dodging
 + Level 0.1 Stealth
 + Level 4.2 Shields


You had 6 spell levels left.
You didn't know any spells.

Dungeon Overview and Level Annotations

Branches:
Dungeon (5/15)             Temple (1/1) D:5

Altars:
Ashenzari
Cheibriados
Dithmenos
Elyvilon
Fedhas
Gozag
Hepliaklqana
Kikubaaqudgha
Makhleb
Nemelex Xobeh
Okawaru
Qazlal
Ru
Sif Muna
Trog
Uskayaw
Vehumet
Wu Jian
Xom
Yredelemnul
Zin
The Shining One

Shops:
D:4 *   D:5 (

Annotations:
D:3 oldriver's ghost, amateur DrAE
D:5 Prince Ribbit; devnull's ghost, novice KoHu


Innate Abilities, Weirdness & Mutations

You have extremely sharp teeth.
Your natural rate of healing is unusually fast.
When hurt, damage is shared between your health and your magic reserves.
Your bite disrupts and absorbs the magic of your enemies.
Potions cannot restore your health.
You are immune to rotting.


Message History

You closely miss Prince Ribbit. Your bite misses Prince Ribbit.
Prince Ribbit is severely wounded.
Prince Ribbit blinks!
Prince Ribbit hits you. x2
Your shield and chain mail prevent you from hitting Prince Ribbit.
Prince Ribbit is heavily wounded.
Prince Ribbit hits you.
* * * LOW HITPOINT WARNING * * *
Prince Ribbit hits you.
* * * LOW HITPOINT WARNING * * *
You closely miss Prince Ribbit. Your bite misses Prince Ribbit.
Prince Ribbit is heavily wounded.
Prince Ribbit hits you.
* * * LOW HITPOINT WARNING * * *
Prince Ribbit hits you!
* * * LOW HITPOINT WARNING * * *
You hit Prince Ribbit but do no damage.
Prince Ribbit is heavily wounded.
Prince Ribbit hits you!
You die...

#8.8.8.# ...
####.#.# .. #...#
###.# ######
##########)# #.....
#..........####
#.....
#...........w.#
#.....
#..........##.######
#####.....
#.....(....##..@F..#
#.........
#..........#######.#
#.........
#..........# #.#
#.........
#..........# #.#
#......###
#.........## #.#
#......###
#....###..# #.#
#.........
#....≈##### #.#
#####.#### ##..≈≈##
#.# #.# ##..§≈§# #.#
####.##


You could see Prince Ribbit and a worm.

Vanquished Creatures
  2 ogres (D:4)
  Blork the orc (D:4)
  3 wights
  2 howler monkeys
  A jelly (D:5)
  A hound (D:5)
  2 orc priests (D:3)
  An iguana (D:4)
  A worker ant (D:4)
  9 adders
  2 adder skeletons
  2 adder zombies (D:5)
  3 worms
  A dart slug (D:1)
  5 leopard geckos
  10 orcs
  6 bats
  6 giant cockroaches
  3 goblins
  6 hobgoblins
  A jackal (D:2)
  13 kobolds
  3 quokkas
  3 ball pythons
  3 frilled lizards
  2 gnoll zombies (D:3)
  A leopard gecko zombie (D:5)
  21 rats
114 creatures vanquished.

Notes
Turn   | Place    | Note
-------+----------+-------------------------------------------
     0 | D:1      | slep the Vine Stalker Fighter began the quest for the Orb.
     0 | D:1      | Reached XP level 1. HP: 11/11 MP: 2/2
    80 | D:1      | Reached XP level 2. HP: 5/16 MP: 3/3
   214 | D:1      | Reached skill level 2 in Axes
   353 | D:1      | Reached XP level 3. HP: 19/20 MP: 4/4
   961 | D:2      | Gained mutation: Your natural rate of healing is unusually fast. [Vine Stalker growth]
   961 | D:2      | Reached XP level 4. HP: 15/24 MP: 5/5
   965 | D:2      | Reached skill level 3 in Axes
  1575 | D:3      | Noticed oldriver's ghost (amateur DrAE)
  1643 | D:3      | Reached XP level 5. HP: 28/28 MP: 6/6
  1945 | D:4      | Reached skill level 4 in Axes
  1976 | D:4      | Noticed an ogre
  1977 | D:4      | Noticed an ogre
  2021 | D:3      | Reached XP level 6. HP: 5/32 MP: 1/7
  2255 | D:3      | Found a basalt altar of Yredelemnul.
  2286 | D:4      | Noticed Blork the orc
  2294 | D:4      | Killed Blork the orc
  2435 | D:4      | Reached skill level 5 in Axes
  2435 | D:4      | Reached XP level 7. HP: 21/37 MP: 5/8
  2458 | D:5      | Entered Level 5 of the Dungeon
  2458 | D:5      | Noticed devnull's ghost (novice KoHu)
  2674 | D:4      | Reached skill level 1 in Dodging
  2788 | D:4      | Found Muawaduh's General Store.
  2796 | D:4      | Bought a scroll of teleportation for 42 gold pieces
  3155 | D:5      | Found a deep blue altar of Sif Muna.
  3250 | D:5      | Found a staircase to the Ecumenical Temple.
  3256 | Temple   | Entered the Ecumenical Temple
  3299 | Temple   | Became a worshipper of Warmaster Okawaru
  3413 | D:5      | Found Xyixt's Antique Weapon Shop.
  3438 | D:5      | Noticed Prince Ribbit
  3494 | D:5      | HP: 1/37 [Prince Ribbit (8)]
  3495 | D:5      | Mangled by Prince Ribbit

Vault maps used:
D:1:      dpeg_arrival_ratfight, serial_bayou_pond_a, minmay_rat_gold_closets
D:2:      wad_river_or_something
D:3:      corexii_shack_village, lemuel_zombie_altar_yredelemnul, first_bread
D:4:      serial_shops, shop, uniq_blork_the_orc
D:5:      minmay_temple_entry_fiery, serial_shops,
          nicolae_shop_temple_entry_statues_fountains, hangedman_feature_mirror,
          kennysheep_slug_shrine, uniq_prince_ribbit1
Temple:   compressed_dpeg_circular_temple

Skill      XL: |  1  2  3  4  5  6  7 |
---------------+----------------------+-----
Axes           | 2 3 4 5 |  5.6
Fighting       | 3 4 |  4.2
Shields        | 3 4 |  4.2
Armour         | 3 |  3.4
Dodging        | 1 |  1.0
Stealth        | |  0.1

Action                   |  1- 3 |  4- 6 |  7- 9 || total
-------------------------+-------+-------+-------++-------
Melee: War axe           |    74 |   167 |    74 ||   315
       Bite              |    17 |    48 |    21 ||    86
  Eat: Chunk             |     8 |     9 |     2 ||    19
Armor: Scale mail        |    24 |    57 |       ||    81
       Chain mail        |       |    10 |    36 ||    46
Dodge: Dodged            |    25 |    28 |    18 ||    71
Block: Shield            |    35 |   109 |    53 ||   197

Table legend:
 A = Spawn XP
 B = Non-spawn XP
 C = Spawn XP percentage of total XP
 D = Spawn monster count
 E = Non-spawn monster count
 F = Spawn count percentage of total count
 G = Total turns spent on level
                    A         B        C        D         E        F      G
               +---------+---------+-------+---------+---------+-------+---------
         Total |       0 |    1148 |   0.0 |       0 |     114 |   0.0 |  3495
               +---------+---------+-------+---------+---------+-------+---------
           D:1 |       0 |      41 |   0.0 |       0 |      28 |   0.0 |   736
           D:2 |       0 |     109 |   0.0 |       0 |      25 |   0.0 |   887
           D:3 |       0 |     305 |   0.0 |       0 |      41 |   0.0 |   648
           D:4 |       0 |     587 |   0.0 |       0 |      13 |   0.0 |   878
           D:5 |       0 |     106 |   0.0 |       0 |       7 |   0.0 |   209
               +---------+---------+-------+---------+---------+-------+---------
